AoeStats
← Pegasus Assistant

MegaRandom

505292018Analyzed
1v1 RM · 24d ago on Sep 8, 2026· 112m 38s· 2 players
Game mode
Random Map
Map size
Tiny (2 player)
Population
200
Speed
Normal
Resources
Standard
Victory
Conquest
Starting age
Dark Age
Ending age
Imperial Age
RankedLock teamsTeams togetherTeam positionsShared explorationLock speedFull tech treeHidden civsTurbo modeCheats
Victory
Defeat
🇸🇰 Malians · Slovakia
893
+16
🇺🇸 Bulgarians · United States
902
-16
vladSVK
0:40 Loom
11:31 Feudal Age
12:15 Double-Bit Axe
17:14 Wheelbarrow
21:27 Castle Age
20:16 Fletching
21:40 Crossbowman
22:25 Thumb Ring
23:05 Bow Saw
24:23 Town Watch
24:05 Pikeman
26:16 Hand Cart
26:27 Town Patrol
28:39 Gold Mining
29:08 Scale Barding Armor
30:38 Bloodlines
34:06 Murder Holes
34:32 Ballistics
34:56 Tigui
35:35 Masonry
35:23 Fishing Lines
37:45 Bodkin Arrow
40:54 Imperial Age
39:28 Horse Collar
41:06 Treadmill Crane
41:40 Heavy Camel Rider
43:25 Chemistry
42:59 Architecture
43:49 Padded Archer Armor
44:14 Chain Barding Armor
49:32 Padded Archer Armor
59:31 Farimba
66:04 Leather Archer Armor
85:34 Ring Archer Armor
85:26 Careening
85:27 Clinker Construction
85:08 Heated Shot
85:23 Heavy Plow
94:52 Spies/Treason
102:35 Medium Warships
105:30 Heavy Warships
109:02 Dry Dock
109:15 Carvel Hull
Pegasus Assistant
0:39 Loom
13:04 Feudal Age
14:38 Horse Collar
15:06 Scale Mail Armor
15:17 Forging
15:18 Arson
15:21 Double-Bit Axe
18:05 Wheelbarrow
21:03 Castle Age
19:43 Padded Archer Armor
20:44 Fletching
21:13 Elite Skirmisher
23:21 Bow Saw
23:16 Heavy Plow
23:24 Squires
23:10 Gambesons
25:03 Bodkin Arrow
28:33 Chain Mail Armor
28:35 Leather Archer Armor
31:25 Iron Casting
31:39 Pikeman
35:53 Hand Cart
35:24 Town Watch
36:16 Masonry
40:25 Imperial Age
39:44 Stirrups
39:57 Scale Barding Armor
41:36 Conscription
41:50 Chain Barding Armor
42:01 Plate Mail Armor
42:32 Blast Furnace
43:54 Chemistry
45:26 Elite Konnik
48:18 Town Patrol
49:01 Redemption
49:32 Bagains
48:54 Elite Konnik
52:01 Heavy Scorpion
55:05 Plate Barding Armor
61:33 Medium Warships
61:47 Careening
61:49 Clinker Construction
63:09 Heavy Warships
64:19 Siege Engineers
68:12 Bracer
Connection lost

Rejoining the realm…

Still unreachable

The connection could not be restored.

Session expired

The server has moved on; the page needs a fresh start.